 Dungeon Crawl Stone Soup version 0.17-a0-1397-g0eee0a3 (webtiles) character file.

156028 Sixotanaka the Shatterer (level 17, -3/198 HPs)
             Began as an Ogre Berserker on June 13, 2015.
             Was the Champion of Trog.
             Killed from afar by a bog body (30 damage)
             ... with a bolt of cold
             ... on level 4 of the Swamp on June 17, 2015.
             The game lasted 02:05:04 (52781 turns).

Sixotanaka the Shatterer (Ogre Berserker)          Turns: 52781, Time: 02:05:04

Health: -3/198     AC:  9    Str: 30    XL:     17   Next: 66%
Magic:  20/20      EV: 17    Int:  6    God:    Trog [******]
Gold:   2596       SH:  0    Dex: 14    Spells: 0 memorised, 16 levels left

rFire  . . .     SeeInvis .     I - +6 giant spiked club (freeze)
rCold  . . .     Clarity  .     Y - +1 mottled dragon armour
rNeg   . . .     SustAt   .     (no shield)
rPois  .         Gourm    .     L - +0 hat
rElec  .         Spirit   .     O - +0 cloak
rCorr  .         Warding  .     (gloves unavailable)
rMut   +         Stasis   .     (boots unavailable)
MR     ++++.                    Q - amulet of resist mutation
Stlth  +.........               K - +4 ring of strength
                                k - ring of protection from magic

@: regenerating, drained, incredibly resistant to hostile enchantments, very
unstealthy
A: unfitting armour, tough skin 1
a: Burn Spellbooks, Berserk, Trog's Hand, Brothers in Arms, Renounce Religion


You were on level 4 of the Swamp.
You worshipped Trog.
Trog was exalted by your worship.
You were not hungry.

You visited 4 branches of the dungeon, and saw 31 of its levels.
You also visited: Labyrinth, Sewer and Volcano.

You collected 2834 gold pieces.
You spent 238 gold pieces at shops.


Innate Abilities, Weirdness & Mutations

You are too large for most types of armour.
You have tough skin (AC +1).


   Skills:
 + Level 19.6(19.5) Fighting
 - Level 24.0(23.9) Maces & Flails
 - Level 4.2 Throwing
 - Level 14.7(14.6) Dodging
 - Level 5.0 Evocations


You had 16 spell levels left.
You didn't know any spells.

Dungeon Overview and Level Annotations

Branches:
Dungeon (15/15)            Temple (0/1) D:4            Lair (8/8) D:10
  Swamp (4/4) Lair:6        Snake (0/4) Lair:4          Orc (4/4) D:10
    Elf (0/3) Orc:4        Vaults (0/5) D:14
  Slime: Lair:6-8    Depths: D:15

Altars:
Ashenzari
Cheibriados
Dithmenos
Elyvilon
Fedhas
Makhleb
Nemelex Xobeh
Ru
Sif Muna
Trog
Vehumet
Xom
Yredelemnul
Zin
The Shining One
Beogh

Shops:
D:11 :   Orc:4 *%!*

Annotations:
Lair:2 !Gastronok, Gastronok
Lair:3 exclusion: upstairs, Snorg

Inventory:

Hand weapons
 b - the +6 blowgun of the Sea {speed, rPois Int+5}
   (You found it on level 4 of the Lair of Beasts)

   Attacks with this weapon are significantly faster.
   It affects your intelligence (+5).
   It protects you from poison.
 y - a +5 antimagic giant club
   (Trog gifted it to you on level 4 of the Lair of Beasts)
 I - a +6 giant spiked club of freezing (weapon)
   (You took it off a two-headed ogre on level 8 of the Dungeon)
Missiles
 q - 2 steel javelins
 t - 4 tomahawks of returning
 x - 6 javelins of penetration
 A - 12 curare-tipped needles
 C - 2 throwing nets
 M - 3 poisoned javelins (quivered)
 X - 17 large rocks
Armour
 L - a +0 hat (worn)
 O - a +0 cloak (worn)
 W - a fire dragon hide
 Y - a +1 mottled dragon armour (worn)
Jewellery
 j - an uncursed ring of invisibility {unknown}
 k - a ring of protection from magic (left hand)
 l - an uncursed ring of teleportation
 K - a +4 ring of strength (right hand)
 Q - an amulet of resist mutation (around neck)
Magical devices
 a - a wand of paralysis (11)
 f - a wand of digging (21)
 p - a wand of disintegration (5)
 u - a wand of slowing (26)
 B - a wand of confusion (17)
 G - a wand of draining (11)
 Z - a wand of fireball (9)
Scrolls
 e - a scroll of recharging
 i - 6 scrolls of enchant armour
 E - a scroll of teleportation {@r4}
 H - a scroll of magic mapping
 J - 7 scrolls of remove curse {@r2}
 N - 2 scrolls of fog
 P - 4 scrolls of fear
 S - 3 scrolls of summoning
Potions
 d - 14 potions of curing {@q1}
 g - 5 potions of brilliance
 h - 3 potions of haste {@q3}
 m - 7 potions of heal wounds {@q2}
 o - 3 potions of flight
 r - 3 potions of might
 s - 7 potions of agility
 v - 6 potions of lignification {!q}
 z - 2 potions of ambrosia {!q}
 D - a potion of magic
 U - a potion of resistance
 V - a potion of invisibility
Books
 R - the Guide on Shifting Execration
   (You found it on level 2 of the Swamp)

   Spells                             Type                      Level
   a - Sticks to Snakes               Transmutation                2
   b - Tukima's Dance                 Hexes                        3
   c - Inner Flame                    Hexes/Fire                   3
   d - Spectral Weapon                Hexes/Charms                 3
   e - Hydra Form                     Transmutation                6
   Trog disapproves of the use of such an item.
Comestibles
 c - 7 bread rations
 w - 13 fruits
 F - 4 meat rations

♣§..≈≈≈≈≈≈≈.≈≈.≈≈≈.
♣♣♣♣....≈≈≈..≈.....
♣♣^......♣≈...
♣...≈≈≈.D♣♣≈.≈
♣≈.≈≈≈≈..≈♣♣.≈
♣♣...≈≈≈≈≈♣ ≈≈
♣♣♣♣.≈≈≈.♣
♣♣.≈≈≈n♣♣♣
♣.≈≈≈≈.@≈♣
♣♣.≈≈≈≈≈≈.♣
♣..≈≈≈≈≈≈♣♣
♣♣.§≈≈≈≈.♣
♣♣♣♣♣♣<≈≈≈<)♣♣
♣♣≈≈♣♣♣♣.≈≈.≈.♣♣
♣≈.(≈≈[♣♣.†.≈≈.♣
♣♣≈≈≈≈≈.§♣≈.≈≈♣♣
♣..≈P≈..♣♣≈♣♣≈♣


You could see a swamp dragon and a bog body.


Message History

Okay, then.
Read which item? (? for menu, Esc to quit)
As you read the scroll of teleportation {@r4}, it crumbles to dust.
You feel strangely unstable.
You are engulfed in noxious fumes.
You choke on the stench!
You are confused.
* * * LOW HITPOINT WARNING * * *
The bog body hits you!
* * * LOW HITPOINT WARNING * * *
The bog body touches you but does no damage.
The four-headed hydra closely misses you.
The four-headed hydra bites you!
* * * LOW HITPOINT WARNING * * *
The four-headed hydra bites you!
* * * LOW HITPOINT WARNING * * *
The four-headed hydra completely misses you.
The giant leech is engulfed in noxious fumes.
The giant leech barely misses you.
A swamp dragon comes into view.
You're too confused to move!
You are engulfed in noxious fumes.
* * * LOW HITPOINT WARNING * * *
The swamp dragon roars!
The giant leech looks more healthy.
The bog body hits you.
* * * LOW HITPOINT WARNING * * *
The bog body completely misses you.
The four-headed hydra closely misses you. x2
The four-headed hydra completely misses you.
The four-headed hydra bites you.
* * * LOW HITPOINT WARNING * * *
The insubstantial wisp hits you.
* * * LOW HITPOINT WARNING * * *
The insubstantial wisp blinks!
A spiny frog and an insubstantial wisp come into view.
Drink which item? (? for menu, Esc to quit)
You feel much better.
You feel less confused.
The insubstantial wisp gives a chilling moan.
The bog body hits you!
* * * LOW HITPOINT WARNING * * *
The bog body touches you but does no damage.
The swamp dragon closely misses you. The swamp dragon claws you.
* * * LOW HITPOINT WARNING * * *
The swamp dragon tramples you but does no damage.
The giant leech barely misses you. The four-headed hydra misses you.
The four-headed hydra barely misses you.
The four-headed hydra bites you!
* * * LOW HITPOINT WARNING * * *
The four-headed hydra bites you but does no damage.
The insubstantial wisp hits you but does no damage.
The giant leech misses you.
You enter the shallow water.
Moving in this stuff is going to be slow.
Your surroundings suddenly seem different.
Splash!
Why would you want to do that?
Unknown command.
You start resting.
Your skin crawls.
You feel resistant to hostile enchantments.
You feel slightly more hungry.
You enter the shallow water.
Moving in this stuff is going to be slow.
A swamp dragon comes into view.
The swamp dragon roars!
The bog body hits you!!
* * * LOW HITPOINT WARNING * * *
The bog body barely misses you.
The bog body gestures at you while chanting.
The bolt of cold hits you!
You die...

Action                   |  1- 3 |  4- 6 |  7- 9 | 10-12 | 13-15 | 16-18 || total
-------------------------+-------+-------+-------+-------+-------+-------++-------
Melee: Mace              |   112 |    96 |       |       |       |       ||   208
       Flail             |       |    65 |   413 |       |       |       ||   478
       Dire flail        |       |       |    98 |   613 |       |       ||   711
       Morningstar       |       |       |       |   145 |       |       ||   145
       Giant club        |       |       |       |   135 |  1555 |   401 ||  2091
       Giant spiked club |       |       |       |       |     9 |   320 ||   329
 Fire: Blowgun           |       |       |       |       |     9 |       ||     9
Throw: Stone             |    10 |     5 |     1 |     3 |       |       ||    19
       Tomahawk          |       |       |       |     5 |    14 |    11 ||    30
       Javelin           |       |       |       |       |     3 |    10 ||    13
Invok: Berserk           |     5 |     4 |     5 |     3 |    13 |     2 ||    32
       Trog's Hand       |       |     1 |     9 |     9 |    13 |     4 ||    36
       Burn Spellbooks   |       |       |       |     1 |     3 |       ||     4
Evoke: Wand              |       |       |       |     5 |     6 |       ||    11
  Use: Scroll            |     1 |     2 |    10 |    13 |    19 |    10 ||    55
       Potion            |       |       |     2 |     1 |     2 |     5 ||    10
 Stab: Sleeping          |       |       |       |     3 |     6 |       ||     9
       Distracted        |       |       |       |       |     3 |     1 ||     4
  Eat: Chunk             |     7 |    11 |    16 |    28 |    45 |    10 ||   117
       Meat ration       |       |     1 |       |       |     7 |     5 ||    13
       Bread ration      |       |       |     1 |     1 |       |       ||     2
       Beef jerky        |       |       |       |     3 |     1 |     2 ||     6
       Pizza             |       |       |       |     1 |     1 |     1 ||     3
       Fruit             |       |       |       |       |       |     2 ||     2

Vault maps used:
D:1:      dpeg_arrival_court
D:2:      fedhas_altar_2, old_standard_altar, first_bread
D:3:      amethyst_overflow_temple_binary
D:4:      led_sif_pool, minmay_temple_entry_purple_smoke,
          nemelex_dance_club_becter
D:5:      elyvilon_altar_3, grunt_dithmenos_shadows, portal_sewer_entry_f,
          trog_three_pillars_becter, uniq_grinder
D:6:      uniq_pikel
D:7:      lemuel_doored_altar, the_bakery
D:8:      cheibriados_altar_1
D:9:      lemuel_coloured_pillars_altar, makhleb_grotto_becter
D:10:     dpeg_lair_monsters
D:11:     serial_shops, shop, basic_altar, spider_trap, uniq_psyche
D:12:     lab_entry_generic, minmay_misc_feat_encased,
          hangedman_corner_corridor, uniq_harold, uniq_azrael
D:14:     david_vaults_5, lemuel_crystal_altar, kennysheep_pointless_box,
          uniq_agnes
D:15:     grunt_enter_depths_snipers, minmay_misc_feat_more_columns,
          lemuel_flamethrower_1
Lair:1:   nicolae_lair_grove_arrangements, nicolae_quartered_pool_medium,
          lemuel_fruit_fields
Lair:2:   infiniplex_staircase_pool, uniq_gastronok, uniq_erica
Lair:3:   beast_lair_carwin_10, uniq_snorg
Lair:4:   minmay_swamp_entry_worms, guppyfry_snake_entry_island, basic_altar,
          zaba_antful_of_joy
Lair:6:   minmay_swamp_entry_swarm, elwin_shoals_entry_rooms,
          minmay_stone_trees_medium, serial_bayou_pond_e
Lair:7:   cheibrodos_lair_reptile_den
Lair:8:   grunt_lair_end_beastmaster, dpeg_slime_entry_corner,
          serial_bayou_shore_a
Swamp:1:  nicolae_swamp_fairy_circle, uniq_aizul
Swamp:2:  evilmike_swamp_ruin_rubble_1
Swamp:3:  hangedman_swamp_diagram
Swamp:4:  grunt_swamp_rune_castle, swamp_pool5
Orc:1:    basic_altar, abandoned_shop
Orc:3:    basic_altar, enter_volcano_3, nicolae_orc_pool_cavern, uniq_nessos
Orc:4:    pubby_orc_utopia
Lab:      labyrinth_watery, nicolae_lab_arrow, nicolae_lab_statue,
          labyrinth_skeletal_remains, lab_fountain
Sewer:    sewer_minmay_treatment
Volcano:  volcano_lake

Notes
Turn   | Place    | Note
--------------------------------------------------------------
     0 | D:1      | Sixotanaka the Ogre Berserker began the quest for the Orb.
     0 | D:1      | Reached XP level 1. HP: 24/24 MP: 1/1
   498 | D:1      | Reached XP level 2. HP: 32/32 MP: 2/2
   781 | D:1      | Reached skill level 5 in Maces & Flails
  1185 | D:2      | Found a blossoming altar of Fedhas.
  1416 | D:2      | HP: 8/32 [worm (10)]
  1653 | D:2      | Reached XP level 3. HP: 39/39 MP: 3/3
  2050 | D:2      | Reached skill level 6 in Maces & Flails
  2146 | D:2      | Reached XP level 4. HP: 48/48 MP: 4/4
  2202 | D:2      | Acquired Trog's second power
  2263 | D:2      | Found a glowing golden altar of the Shining One.
  3016 | D:3      | Reached skill level 7 in Maces & Flails
  3270 | D:3      | Reached XP level 5. HP: 46/54 MP: 5/5
  3686 | D:3      | Found a shimmering altar of Xom.
  3693 | D:3      | Found a sacrificial altar of Ru.
  3864 | D:4      | Reached skill level 8 in Maces & Flails
  4058 | D:4      | Found a deep blue altar of Sif Muna.
  4144 | D:4      | Reached XP level 6. HP: 62/62 MP: 6/6
  4278 | D:4      | Noticed a phantom
  4314 | D:4      | Killed a phantom
  4314 | D:4      | Reached skill level 9 in Maces & Flails
  4657 | D:4      | Noticed yottam's ghost (experienced HuWn)
  4669 | D:4      | Killed yottam's ghost
  4669 | D:4      | Reached skill level 11 in Maces & Flails
  4669 | D:4      | Reached XP level 7. HP: 70/70 MP: 7/7
  4764 | D:4      | Noticed an ogre
  4773 | D:4      | Killed an ogre
  4780 | D:4      | Noticed an ogre
  4818 | D:4      | Killed an ogre
  4818 | D:4      | Reached XP level 8. HP: 56/78 MP: 8/8
  4822 | D:4      | Reached skill level 12 in Maces & Flails
  4990 | D:4      | Found a staircase to the Ecumenical Temple.
  5976 | D:4      | Found a sparkling altar of Nemelex Xobeh.
  6133 | D:5      | Entered Level 5 of the Dungeon
  6149 | D:5      | Found a white marble altar of Elyvilon.
  6213 | D:5      | Found a shadowy altar of Dithmenos.
  6260 | D:5      | Reached skill level 13 in Maces & Flails
  6263 | D:5      | Found a bloodstained altar of Trog.
  6301 | D:5      | Noticed Grinder
  6324 | D:5      | Killed Grinder
  6324 | D:5      | Reached skill level 14 in Maces & Flails
  6416 | D:5      | Reached XP level 9. HP: 44/85 MP: 9/9
  6466 | D:5      | Reached skill level 3 in Dodging
  6566 | D:5      | Reached skill level 5 in Fighting
  6638 | D:5      | Found a glowing drain.
  6647 | Sewer    | Entered a sewer
  7052 | Sewer    | Reached skill level 6 in Fighting
  7097 | Sewer    | Acquired Trog's third power
  8008 | D:5      | Reached skill level 7 in Fighting
  8192 | D:6      | Reached skill level 4 in Dodging
  8766 | D:6      | Noticed Pikel
  8792 | D:6      | Killed Pikel
  8792 | D:6      | Reached skill level 8 in Fighting
  8888 | D:6      | Reached skill level 9 in Fighting
  9244 | D:7      | Found a glowing silver altar of Zin.
  9250 | D:7      | Reached skill level 5 in Dodging
  9439 | D:7      | Reached XP level 10. HP: 108/110 MP: 10/10
  9567 | D:7      | Reached skill level 10 in Fighting
 10076 | D:8      | Reached skill level 11 in Fighting
 10112 | D:8      | Noticed yottam's ghost (experienced HuWn)
 10128 | D:8      | Killed yottam's ghost
 10128 | D:8      | Reached skill level 6 in Dodging
 10187 | D:8      | Found a snail-covered altar of Cheibriados.
 10822 | D:8      | Reached skill level 12 in Fighting
 11210 | D:9      | Found a burning altar of Makhleb.
 11363 | D:9      | Reached skill level 13 in Fighting
 11465 | D:9      | Reached XP level 11. HP: 110/127 MP: 11/11
 11688 | D:9      | Found a basalt altar of Yredelemnul.
 11851 | D:10     | Entered Level 10 of the Dungeon
 11885 | D:10     | Reached skill level 7 in Dodging
 12073 | D:10     | Found a staircase to the Lair.
 12366 | D:10     | Reached skill level 14 in Fighting
 12768 | D:10     | Found a staircase to the Orcish Mines.
 13442 | D:10     | Received a gift from Trog
 13677 | Lair:1   | Entered Level 1 of the Lair of Beasts
 13901 | Lair:1   | Reached skill level 8 in Dodging
 14911 | Lair:1   | Reached skill level 9 in Dodging
 15198 | Lair:2   | HP: 27/131 [yak (16)]
 15207 | Lair:1   | HP: 29/131 [yak (2)]
 15848 | Lair:2   | Reached skill level 10 in Dodging
 15850 | Lair:2   | Reached XP level 12. HP: 118/140 MP: 12/12
 15866 | Lair:2   | Noticed Erica
 15888 | Lair:2   | Killed Erica
 15972 | Lair:2   | Noticed Gastronok
 16020 | Lair:3   | Received a gift from Trog
 16032 | Lair:3   | Got a fine morningstar {god gift}
 16033 | Lair:3   | Identified the +10 morningstar "Lalaceokk" {antimagic, Str+4} (Trog gifted it to you on level 3 of the Lair of Beasts)
 16510 | Lair:3   | Noticed Snorg
 16837 | Lair:3   | Noticed a four-headed hydra
 16858 | Lair:3   | Killed a four-headed hydra
 16858 | Lair:3   | Reached skill level 15 in Maces & Flails
 17382 | Lair:3   | Upgraded the game from 0.17-a0-1374-gc51869c to 0.17-a0-1380-gc4949c2
 17618 | Lair:4   | Found a shattered altar of Ashenzari.
 17628 | Lair:4   | Got an iridescent blowgun
 17629 | Lair:4   | Identified the +6 blowgun of the Sea {speed, rPois Int+5} (You found it on level 4 of the Lair of Beasts)
 18067 | Lair:4   | Found a staircase to the Swamp.
 18373 | Lair:4   | Reached skill level 16 in Maces & Flails
 18413 | Lair:4   | Received a gift from Trog
 18775 | Lair:4   | Noticed a queen ant
 18787 | Lair:4   | Killed a queen ant
 19126 | Lair:4   | Reached skill level 17 in Maces & Flails
 19131 | Lair:4   | HP: 35/140 [poisoned by a naga (splash of poison)]
 19138 | Lair:4   | HP: 35/140 [poisoned by a naga (splash of poison)]
 19145 | Lair:4   | HP: 35/140 [poisoned by a naga (splash of poison)]
 19443 | Lair:4   | HP: 26/140 [porcupine's spines (10)]
 19449 | Lair:4   | HP: 25/140 [poisoned by a worker ant]
 19454 | Lair:4   | HP: 24/140 [poisoned by a worker ant]
 19461 | Lair:4   | HP: 25/140 [poisoned by a worker ant]
 19469 | Lair:4   | HP: 25/140 [poisoned by a worker ant]
 19825 | Lair:4   | Found a staircase to the Snake Pit.
 20138 | Lair:4   | Reached XP level 13. HP: 131/148 MP: 4/13
 20382 | Lair:5   | Reached skill level 18 in Maces & Flails
 20914 | Lair:5   | Reached skill level 11 in Dodging
 21742 | Lair:5   | Received a gift from Trog
 22294 | Lair:5   | Reached skill level 12 in Dodging
 22497 | Lair:6   | Noticed chequers's ghost (powerful NaMo)
 22509 | Lair:6   | Killed chequers's ghost
 22976 | Lair:6   | Reached skill level 1 in Evocations
 23303 | Lair:6   | Found a staircase to the Shoals.
 23593 | Lair:6   | Found a staircase to the Swamp.
 23600 | Lair:6   | Reached skill level 2 in Evocations
 24022 | Lair:6   | Reached skill level 3 in Evocations
 24971 | Lair:7   | Reached skill level 4 in Evocations
 25957 | Lair:8   | Entered Level 8 of the Lair of Beasts
 26050 | Lair:8   | Reached XP level 14. HP: 149/157 MP: 5/17
 26321 | Lair:8   | Received a gift from Trog
 26446 | Lair:8   | Reached skill level 5 in Evocations
 26529 | Lair:8   | Reached skill level 1 in Throwing
 26529 | Lair:8   | Reached skill level 13 in Dodging
 26799 | Lair:8   | Reached skill level 2 in Throwing
 26915 | Lair:8   | Reached skill level 3 in Throwing
 28329 | Lair:8   | Reached skill level 4 in Throwing
 28448 | Lair:8   | Reached skill level 14 in Dodging
 28869 | Lair:2   | Received a gift from Trog
 29006 | Orc:1    | Entered Level 1 of the Orcish Mines
 29017 | Orc:1    | Received a gift from Trog
 30002 | Orc:3    | Found a roughly hewn altar of Beogh.
 30074 | Orc:3    | Found a dark tunnel.
 30128 | Volcano  | Entered a volcano
 30363 | Volcano  | Found a bloodstained altar of Trog.
 30366 | Volcano  | Received a gift from Trog
 31473 | Orc:3    | Noticed Nessos
 31484 | Orc:2    | HP: 39/157 [poisoned by Nessos]
 31489 | Orc:2    | HP: 32/157 [poisoned by Nessos]
 31494 | Orc:2    | HP: 27/157 [poisoned by Nessos]
 31499 | Orc:2    | HP: 27/157 [poisoned by Nessos]
 31504 | Orc:2    | HP: 28/157 [poisoned by Nessos]
 31510 | Orc:2    | HP: 32/157 [poisoned by Nessos]
 31515 | Orc:2    | HP: 32/157 [poisoned by Nessos]
 31521 | Orc:2    | HP: 32/157 [poisoned by Nessos]
 31529 | Orc:2    | HP: 33/157 [poisoned by Nessos]
 31927 | Orc:3    | Killed Nessos
 32209 | Orc:3    | Received a gift from Trog
 32684 | Orc:4    | Entered Level 4 of the Orcish Mines
 32702 | Orc:3    | Received a gift from Trog
 33357 | Orc:4    | Reached XP level 15. HP: 113/165 MP: 6/18
 33604 | Orc:4    | Reached skill level 19 in Maces & Flails
 33682 | Orc:4    | Received a gift from Trog
 34049 | Orc:4    | Received a gift from Trog
 34568 | Orc:4    | Found a roughly hewn altar of Beogh.
 34588 | Orc:4    | Found Vithrut's General Store.
 34597 | Orc:4    | Bought a scroll of identify for 28 gold pieces
 34597 | Orc:4    | Bought a wand of draining (11) for 210 gold pieces
 34888 | Orc:4    | Found Daesch's Food Shop.
 35314 | Orc:4    | Found a staircase to the Elven Halls.
 35438 | Orc:4    | Received a gift from Trog
 35440 | Orc:4    | Noticed an orc warlord
 35460 | Orc:4    | Killed an orc warlord
 35461 | Orc:4    | Reached skill level 20 in Maces & Flails
 35523 | Orc:4    | Found a roughly hewn altar of Beogh.
 35576 | Orc:4    | Received a gift from Trog
 35633 | Orc:4    | Found Rogos's Assorted Antiques.
 35901 | Orc:4    | Found Qesomn's Distillery.
 35918 | Orc:4    | Received a gift from Trog
 37077 | D:11     | Found a radiant altar of Vehumet.
 37307 | D:11     | Found Tuifal's Book Emporium.
 37328 | D:11     | Noticed Psyche
 37356 | D:11     | Killed Psyche
 37929 | D:11     | Received a gift from Trog
 38117 | D:11     | Reached skill level 21 in Maces & Flails
 38368 | D:12     | Noticed Azrael
 38373 | D:12     | Killed Azrael
 38452 | D:12     | Received a gift from Trog
 38453 | D:12     | Got a jewelled giant spiked club {god gift}
 38459 | D:12     | HP: 60/247 [sun demon[a kobold demonologist] (22)]
 38526 | D:12     | Found a labyrinth entrance.
 38550 | Lab      | Entered a labyrinth
 39191 | Lab      | Identified the +3 giant spiked club "Foituwuck" {freeze, *Noise +Blink Str+4 Int+3} (Trog gifted it to you on level 12 of the Dungeon)
 39733 | D:12     | Noticed Harold
 39742 | D:12     | Killed Harold
 39995 | D:12     | Upgraded the game from 0.17-a0-1380-gc4949c2 to 0.17-a0-1386-g6653212
 40792 | D:13     | Reached skill level 22 in Maces & Flails
 41247 | D:14     | Upgraded the game from 0.17-a0-1386-g6653212 to 0.17-a0-1390-g37ff431
 41261 | D:13     | Reached XP level 16. HP: 131/174 MP: 6/19
 42249 | D:14     | Upgraded the game from 0.17-a0-1390-g37ff431 to 0.17-a0-1397-g0eee0a3
 42332 | D:14     | Noticed Agnes
 42348 | D:14     | Killed Agnes
 42563 | D:14     | Reached skill level 23 in Maces & Flails
 42656 | D:14     | HP: 38/174 [flayed ghost/flay_damage (19)]
 43207 | D:14     | Found a burning altar of Makhleb.
 44020 | D:14     | Received a gift from Trog
 44245 | D:14     | Found a gate to the Vaults.
 44322 | D:15     | Entered Level 15 of the Dungeon
 44437 | D:15     | Reached skill level 24 in Maces & Flails
 44571 | D:15     | Reached skill level 15 in Fighting
 44577 | D:15     | Received a gift from Trog
 45487 | Swamp:1  | Entered Level 1 of the Swamp
 45756 | Swamp:1  | Noticed Aizul
 45765 | Swamp:1  | Reached skill level 16 in Fighting
 45836 | Swamp:1  | HP: 24/178 [Aizul/bolt of poison (36)]
 47206 | Swamp:1  | Reached XP level 17. HP: 153/189 MP: 20/20
 47388 | Swamp:1  | Received a gift from Trog
 47564 | Swamp:1  | Reached skill level 17 in Fighting
 48284 | Swamp:1  | Killed Aizul
 49457 | Swamp:2  | Reached skill level 18 in Fighting
 50237 | Swamp:2  | Identified the Guide on Shifting Execration
 50955 | Swamp:3  | HP: 48/196 [poisoned by a spiny frog]
 50960 | Swamp:3  | HP: 40/196 [poisoned by a spiny frog]
 50965 | Swamp:3  | HP: 36/196 [poisoned by a spiny frog]
 50970 | Swamp:3  | HP: 33/196 [poisoned by a spiny frog]
 50975 | Swamp:3  | HP: 32/196 [poisoned by a spiny frog]
 50980 | Swamp:3  | HP: 31/196 [poisoned by a spiny frog]
 50986 | Swamp:3  | HP: 31/196 [poisoned by a spiny frog]
 50994 | Swamp:3  | HP: 33/196 [poisoned by a spiny frog]
 51457 | Swamp:3  | Reached skill level 19 in Fighting
 52094 | Swamp:4  | Entered Level 4 of the Swamp
 52100 | Swamp:4  | Received a gift from Trog
 52753 | Swamp:4  | HP: 42/198 [four-headed hydra (8)]
 52781 | Swamp:4  | HP: 27/198 [bog body (19)]
 52781 | Swamp:4  | Killed from afar by a bog body

Vanquished Creatures
  Agnes (D:14)
  A thorn hunter (Swamp:2)
  An orc warlord (Orc:4)
  Aizul (Swamp:1)
  Nessos (Orc:3)
  Azrael (D:12)
  A vault guard (D:14)
  The ghost of chequers the Bludgeoner, a powerful NaMo of Yredelemnul (Lair:6)
  2 fire dragons (D:14)
  A minotaur (Lab)
  Harold (D:12)
  22 hydras
  A catoblepas (Lair:8)
  4 ghost crabs
  Erica (Lair:2)
  8 alligators
  A centaur warrior (D:15)
  A deep troll shaman (Lair:8)
  A queen ant (Lair:4)
  4 tengu warriors
  4 death yaks (Lair:8)
  A salamander stormcaller (D:14)
  6 orc high priests (Orc:4)
  The ghost of yottam the Archer, an experienced HuWn of Okawaru (D:8)
  A fire crab (Lair:6)
  5 unseen horrors
  A flayed ghost (D:14)
  7 swamp dragons
  Pikel (D:6)
  A lindwurm (Lair:7)
  4 manticores
  5 orc knights
  19 ugly things
  7 hill giants
  4 griffons
  7 orc sorcerers (Orc:4)
  2 cyclopes
  11 elephants
  26 spiny frogs
  Psyche (D:11)
  6 black mambas
  2 molten gargoyles (Volcano)
  The ghost of yottam the Shooter, an experienced HuWn (D:4)
  4 centaur skeletons
  A kobold demonologist (D:12)
  7 komodo dragons
  A freezing wraith (D:15)
  A tengu conjurer (D:14)
  4 fire drakes
  8 giant leeches
  2 polar bears (Lair:8)
  A merfolk (Lair:6)
  6 trolls
  Grinder (D:5)
  3 two-headed ogres
  A blink frog (Lair:8)
  4 slime creatures (Swamp:2)
  A trapdoor spider (D:14)
  16 bog bodies
  6 spriggans
  4 fire elementals (D:12)
  A wraith (D:10)
  A deep elf mage (D:10)
  5 shadows
  3 wyverns
  51 yaks
  34 vampire mosquitoes
  5 basilisks
  5 fire bats (Volcano)
  A hippogriff (shapeshifter) (D:12)
  2 hungry ghosts
  12 hippogriffs
  2 mottled dragons
  28 wolves
  11 insubstantial wisps
  6 wargs
  A wandering mushroom (Lair:8)
  16 water moccasins
  7 soldier ants (Lair:4)
  15 swamp worms
  A hell hound (D:12)
  3 nagas (Lair:4)
  19 porcupines
  6 sky beasts
  A necrophage (D:15)
  50 orc warriors
  2 eyes of draining
  2 ice beasts
  17 swamp drakes
  A black bear (Lair:8)
  8 wasps
  29 ogres
  4 phantoms
  12 centaurs
  6 big kobolds
  15 crocodiles
  17 giant frogs
  A water moccasin zombie (D:9)
  2 wyvern zombies
  3 scorpions
  11 killer bees
  22 wights
  5 electric eels
  2 giant frog zombies
  2 jellies
  33 orc priests
  6 hounds
  4 quasits
  2 centaur zombies
  5 crimson imps
  3 giant frog skeletons
  29 worker ants
  10 iguanas
  37 orc wizards
  6 hell rats (Lair:8)
  39 sheep
  A hound zombie (D:3)
  10 gnolls
  13 adders
  76 river rats
  4 shadow imps
  An ooze (D:4)
  3 adder zombies
  3 worms
  7 giant geckos
  259 orcs
  7 ball pythons
  A bat zombie (D:6)
  4 giant cockroaches
  32 goblins
  20 hobgoblins
  47 kobolds
  5 quokkas
  A ball python skeleton (D:5)
  20 bats
  5 giant newts
  8 jackals
  2 quokka skeletons
  42 rats
  3 fungi
  A plant (Lair:7)
1445 creatures vanquished.

Vanquished Creatures (others)
  A hydra (D:14)
  A cyclops (D:15)
  A sky beast (D:14)
  13 fungi
  6 plants
22 creatures vanquished.

Grand Total: 1467 creatures vanquished
